 Dungeon Crawl Stone Soup version 0.31-a0-150-g89dc3ad700 (webtiles) character file.

Game seed: 17290867969416970106

904 qw the Skirmisher (level 8, -2/49 HPs)
             Began as a Gargoyle Hunter on June 8, 2023.
             Was an Initiate of Okawaru.
             Slain by an orc wizard
             ... wielding a +2 dagger of freezing
              (3 damage)
             ... on level 6 of the Dungeon.
             The game lasted 00:01:58 (4669 turns).

qw the Skirmisher (Gargoyle Hunter)                 Turns: 4669, Time: 00:01:58

Health: -2/49      AC: 13    Str: 16    XL:     8   Next: 8%
Magic:  8/8        EV: 16    Int:  9    God:    Okawaru [......]
Gold:   289        SH:  0    Dex: 21    Spells: 7/7 levels left

rFire   . . .        Y - +0 shortbow
rCold   . . .        (shield currently unavailable)
rNeg    + . .        k - +0 ring mail
rPois   inf          (no helmet)
rElec   +            a - +0 cloak
rCorr   .            (no gloves)
SInv    .            m - +0 pair of boots
Will    .....        (no amulet)
Stlth   +            e - +5 ring of evasion
HPRegen 0.28/turn    h - +6 ring of dexterity
MPRegen 0.11/turn

%: no passive effects
@: no status effects
A: sickness immunity, AC +5, negative energy resistance 1, electricity
resistance, torment resistance 1, petrification resistance
a: Renounce Religion


You were on level 6 of the Dungeon.
You worshipped Okawaru.
Okawaru was noncommittal.
You visited 2 branches of the dungeon, and saw 7 of its levels.

You collected 289 gold pieces.


Innate Abilities, Weirdness & Mutations

You are immune to sickness and miasma.
Your stone body is resilient. (AC +5)
You are immune to poison.
You resist negative energy. (rN+)
You are resistant to electric shocks. (rElec)
You are resistant to unholy torment.
You are immune to petrification.


   Skills:
 - Level 5.1 Fighting
 + Level 8.3 Ranged Weapons
 - Level 2.1 Armour
 - Level 2.1 Dodging
 - Level 1.1 Stealth


You had 7 spell levels left.
You didn't know any spells.
Your spell library was empty.

Inventory:

Hand Weapons
 Y - a +0 shortbow (weapon)
Armour
 a - a +0 cloak (worn)
 k - a +0 ring mail (worn)
 m - a +0 pair of boots (worn)
Jewellery
 e - a +5 ring of evasion (left hand)
 h - a +6 ring of dexterity (right hand)
Wands
 f - a wand of digging (6)
Scrolls
 d - a scroll of identify {unknown}
Potions
 b - a potion of magic {unknown}
 c - a potion of curing {unknown}
 g - a potion of enlightenment {unknown}
 i - a potion of degeneration {unknown}
 l - a potion of cancellation {unknown}
 n - a potion of lignification {unknown}

Dungeon Overview and Level Annotations

Branches:
Dungeon (6/15)             Temple (1/1) D:4

Altars:
Ashenzari
Cheibriados
Dithmenos
Fedhas
Gozag
Hepliaklqana
Kikubaaqudgha
Makhleb
Okawaru
Sif Muna
Trog
Vehumet
Wu Jian
Xom
Yredelemnul
Zin
The Shining One

Shops:
D:3 =


Message History

Okawaru accepts your kill. The orc priest closely misses you.
Something hits you. Something hits you but does no damage. Something hits you.
Something freezes you.
You shoot an arrow. The arrow hits the orc priest.
The orc priest is moderately wounded.
The orc priest misses you.
You hear some strange, mumbled words.
You are confused.
Something closely misses you.
You hear some strange, mumbled words.
Something tries to affect you, but you resist.
The orc priest hits you with a +0 mace. Something barely misses you.
Something closely misses you. Something hits you but does no damage.
An orc wizard appears from thin air!
Reactivating autopickup.
The orc priest calls down the wrath of Beogh upon you.
Pain shoots through your body!
You hear some strange, mumbled words.
Deactivating autopickup; reactivate with Ctrl-A.
Something tries to affect you, but you resist.
The orc wizard completely misses you.
You hear some strange, mumbled words.
A puff of flame appears from out of thin air!
The puff of flame hits you. The orc priest misses you.
Something barely misses you.
The orc wizard hits you but does no damage.
Something hits you but does no damage. The orc priest completely misses you.
Something hits you but does no damage.
The orc wizard hits you but does no damage.
You hear some strange, mumbled words.
A magic dart appears from out of thin air!
The magic dart hits you but does no damage.
The orc priest misses you. Something hits you but does no damage.
The orc wizard closely misses you. Something hits you but does no damage.
You feel less confused. The orc priest misses you. Something barely misses you.
The orc wizard hits you with a +0 dagger.
Something hits you.
You die...

..........#######
##.............)......
#..............#######
##..............#
#......).......##
##### #..............#
#....
##..............#
##....
#.....o........##
#.....
#......@.......#
#.....
#.....{o{......#
##.....
..............##
#......
..............#
#......
....##.......##
#.....[ .... ###...###
#...... ... #####
##..... .. ##....
#####


You could see an orc priest and an orc wizard.

Vanquished Creatures
  A centaur (D:5)
  A scorpion (D:4)
  A howler monkey (D:6)
  2 jellies
  4 hounds
  5 orc priests
  Terence (D:3)
  3 iguanas
  3 orc wizards
  6 adders
  7 gnolls
  3 worms (D:2)
  4 dart slugs
  14 orcs
  10 ball pythons
  5 bats
  5 endoplasms
  4 giant cockroaches
  7 goblins
  5 hobgoblins
  5 jackals
  5 quokkas
  5 kobolds
  6 rats
112 creatures vanquished.

Notes
Turn   | Place    | Note
-------+----------+-------------------------------------------
     0 | D:1      | qw the Gargoyle Hunter began the quest for the Orb.
     0 | D:1      | Reached XP level 1. HP: 12/12 MP: 1/1
     0 | D:1      | 0 ||| qw: Version: 0.2-a-120-gdf1a93b
     0 | D:1      | 0 ||| qw: Game counter: 3018
     0 | D:1      | 0 ||| qw: Always use a shield: true
     0 | D:1      | 0 ||| qw: God list: Okawaru
     0 | D:1      | 0 ||| qw: Allow faded altars: false
     0 | D:1      | 0 ||| qw: Do Orc after D:15 true
     0 | D:1      | 0 ||| qw: Do second Lair branch before Depths: true
     0 | D:1      | 0 ||| qw: Lair rune preference: random
     0 | D:1      | 0 ||| qw: Plans: Normal
     0 | D:1      | 0 ||| PLANNING D:1-11
   200 | D:1      | Reached XP level 2. HP: 17/17 MP: 2/2
   646 | D:1      | 646 ||| DROPPING scroll of butterflies.
   696 | D:2      | Reached skill level 5 in Ranged Weapons
   696 | D:2      | Reached XP level 3. HP: 18/21 MP: 3/3
   810 | D:2      | Found a bloodstained altar of Trog.
   823 | D:2      | Reached skill level 3 in Fighting
   838 | D:2      | Reached XP level 4. HP: 28/28 MP: 4/4
  1407 | D:2      | 1407 ||| DROPPING ring of flight.
  1408 | D:2      | 1408 ||| READING 3 scrolls labelled ZUHIFEFUMP.
  1409 | D:2      | 1409 ||| READING 2 scrolls labelled BOBIEBAWK CEUL.
  1412 | D:2      | 1412 ||| DRINKING 2 smoky sapphire potions.
  1517 | D:2      | 1517 ||| DROPPING 2 scrolls of blinking.
  1518 | D:2      | 1518 ||| DROPPING potion of berserk rage.
  1615 | D:3      | 1615 ||| FLEEEEING.
  1706 | D:3      | HP: 7/28 [orc/+0 flail (3)]
  1707 | D:3      | 1707 ||| READING 2 scrolls of teleportation.
  1710 | D:3      | 1710 ||| READING scroll of teleportation.
  1713 | D:3      | Reached XP level 5. HP: 6/32 MP: 5/5
  1836 | D:3      | Noticed Terence
  1852 | D:3      | Killed Terence
  1853 | D:3      | Reached skill level 6 in Ranged Weapons
  2001 | D:3      | 2001 ||| FLEEEEING.
  2195 | D:3      | Found Conk's Jewellery Shop.
  2203 | D:3      | 2203 ||| SHOPLISTING +6 ring of dexterity (396 gold, have
                  | 119).
  2203 | D:3      | 2203 ||| SHOPLISTING amulet "Xik Dies" {Spirit rN+++ Regen+
                  | Int-3 Dex-2} (522 gold, have 119).
  2203 | D:3      | 2203 ||| SHOPLISTING amulet of reflection (330 gold, have
                  | 119).
  2203 | D:3      | 2203 ||| SHOPLISTING amulet of the acrobat (330 gold, have
                  | 119).
  2320 | D:3      | 2320 ||| UPGRADING to +0 cloak.
  2325 | D:3      | 2325 ||| UPGRADING to +0 ring mail.
  2335 | D:3      | 2335 ||| DROPPING +0 leather armour.
  2336 | D:3      | 2336 ||| UPGRADING to +5 ring of evasion.
  2337 | D:3      | 2337 ||| UPGRADING to +6 ring of dexterity.
  2338 | D:3      | 2338 ||| READING scroll labelled ARYEJO WILEAGILUD.
  2366 | D:4      | Reached skill level 1 in Armour
  2408 | D:4      | 2408 ||| Stepping ~*~*~tactically~*~*~ (outnumbered).
  2426 | D:4      | Reached XP level 6. HP: 25/38 MP: 6/6
  2962 | D:4      | Reached skill level 7 in Ranged Weapons
  2962 | D:4      | Reached XP level 7. HP: 43/43 MP: 7/7
  3245 | D:4      | Found a staircase to the Ecumenical Temple.
  3246 | D:4      | 3246 ||| PLANNING TEMPLE
  3246 | D:4      | 3246 ||| UPGRADING to +0 pair of boots.
  3251 | D:4      | 3251 ||| DRINKING 2 fuming cyan potions.
  3258 | Temple   | Entered the Ecumenical Temple
  3452 | Temple   | 3452 ||| PLANNING D:1-11
  3736 | D:5      | Entered Level 5 of the Dungeon
  3758 | D:5      | Found a blossoming altar of Fedhas.
  3884 | D:5      | Found an iron altar of Okawaru.
  3885 | D:5      | 3885 ||| PLANNING OKAWARU WORSHIP
  3887 | D:5      | Became a worshipper of Warmaster Okawaru
  3887 | D:5      | 3887 ||| PLANNING D:1-11
  4159 | D:5      | 4159 ||| DROPPING ring of see invisible.
  4160 | D:5      | 4160 ||| READING scroll labelled RUFOHI ED DAKU.
  4161 | D:5      | 4161 ||| READING scroll labelled JOEMPI BA KIAGH.
  4162 | D:5      | 4162 ||| DRINKING 2 clear potions.
  4163 | D:5      | 4163 ||| DROPPING potion of brilliance.
  4237 | D:6      | Reached skill level 8 in Ranged Weapons
  4513 | D:6      | Reached XP level 8. HP: 16/49 MP: 8/8
  4651 | D:6      | HP: 9/49 [orc priest/divine providence (16)]
  4652 | D:6      | 4652 ||| DRINKING potion of heal wounds.
  4664 | D:6      | HP: 11/49 [orc priest/+0 mace (3)]
  4665 | D:6      | HP: 4/49 [something/puff of flame (5)]
  4669 | D:6      | HP: 1/49 [orc wizard/+0 dagger (4)]
  4669 | D:6      | Slain by an orc wizard

Levels and vault maps discovered:
D:1:      elethiomel_arrival_infinity_welcomes_careful_drivers, layout_basic
D:2:      layout_basic, basic_altar, minmay_shallow_snake_nest
D:3:      layout_loops_ring, serial_shops, nicolae_shop_pleasant_corner_grove,
          uniq_terence
D:4:      layout_basic, minmay_temple_entry_butterflies
D:5:      layout_rooms, kennysheep_mini, mainiacjoe_overflow_paths
D:6:      layout_cave_pods, gammafunk_temple_overflow_elements
Temple:   regret_index_temple_generic_petals

Skill      XL: |  1  2  3  4  5  6  7 |
---------------+----------------------+-----
Ranged Weapons | 5 6 7 8 |  8.3
Fighting       | 3 4 5 |  5.1
Armour         | 1 2 |  2.1
Dodging        | 2 |  2.1
Stealth        | |  1.1

Action                     |  1- 3 |  4- 6 |  7- 9 || total
---------------------------+-------+-------+-------++-------
   Fire: Shortbow          |    90 |   254 |   138 ||   482
    Use: Scroll            |       |     5 |     2 ||     7
         Potion            |       |     1 |     3 ||     4
 Armour: Leather armour    |    12 |    31 |       ||    43
         Ring mail         |       |    21 |    44 ||    65
  Dodge: Dodged            |    29 |   101 |    73 ||   203

Table legend:
 A = Non-vault XP
 B = Vault XP
 C = Vault XP percentage of total XP
 D = Non-vault monster count
 E = Vault monster count
 F = Vault count percentage of total count
                 A         B        C        D         E       F
            +---------+---------+-------+---------+---------+-------
      Total |    1236 |      56 |   4.3 |     106 |       6 |   5.4
            +---------+---------+-------+---------+---------+-------
        D:1 |      25 |       0 |   0.0 |      16 |       0 |   0.0
        D:2 |     100 |      20 |  16.7 |      24 |       5 |  17.2
        D:3 |      53 |      36 |  40.4 |      17 |       1 |   5.6
        D:4 |     407 |       0 |   0.0 |      27 |       0 |   0.0
        D:5 |     247 |       0 |   0.0 |       8 |       0 |   0.0
        D:6 |     404 |       0 |   0.0 |      14 |       0 |   0.0
            +---------+---------+-------+---------+---------+-------
